AoeStats
← Mr Dô

Nomad

506309239Analyzed
4v4 RM · 20d ago on Sep 13, 2026· 27m 58s· 8 players
Game mode
Random Map
Map size
231×231
Population
200
Speed
Normal
Resources
Standard
Victory
Conquest
Starting age
Dark Age
Ending age
Imperial Age
RankedLock teamsTeams togetherTeam positionsShared explorationLock speedFull tech treeHidden civsTurbo modeCheats
Victory
Defeat
🇨🇳 Mapuche · China
1676
+11
🇩🇪 Poles · Germany
1671
+11
🇨🇳 Dravidians · China
1636
+13
🇻🇳 Khmer · Vietnam
1475
+19
🇯🇵 Italians · Japan
1577
-14
🇻🇳 Persians · Vietnam
1574
-14
🇻🇳 Mapuche · Vietnam
1550
-13
🇨🇳 Magyars · China
1537
-13
Valodimer
12:45 Feudal Age
13:47 Double-Bit Axe
14:57 Gold Mining
18:35 Castle Age
17:59 Fletching
19:31 Bow Saw
19:19 Bodkin Arrow
22:10 Ballistics
22:43 Padded Archer Armor
timembh
7:50 Loom
12:37 Feudal Age
17:04 Castle Age
16:09 Gold Mining
16:25 Scale Barding Armor
18:06 Chain Barding Armor
20:24 Forging
20:26 Bloodlines
26:00 Horse Collar
yu_k1
5:05 Loom
12:38 Feudal Age
13:32 Double-Bit Axe
14:25 Fletching
19:46 Wheelbarrow
22:43 Castle Age
23:23 Bodkin Arrow
23:51 Bow Saw
24:52 Medium Warships
25:06 Ballistics
0.0
8:28 Loom
14:09 Feudal Age
23:05 Castle Age
20:53 Double-Bit Axe
21:25 Gold Mining
21:35 Fletching
23:05 Padded Archer Armor
24:50 Wheelbarrow
27:35 Bow Saw
Mr Dô
5:24 Loom
13:06 Feudal Age
16:09 Castle Age
13:58 Double-Bit Axe
16:26 Stone Mining
18:35 Wheelbarrow
25:09 Gold Mining
25:59 Horse Collar
27:27 Hand Cart
摸鱼种田
10:25 Loom
14:23 Feudal Age
15:33 Double-Bit Axe
16:02 Stone Mining
18:15 Castle Age
16:12 Fishing Lines
17:07 Gold Mining
17:31 Forging
18:00 Wheelbarrow
19:05 Gillnets
25:57 Iron Casting
26:38 Horse Collar
赢了就睡觉
5:13 Loom
14:17 Feudal Age
15:37 Town Watch
15:41 Double-Bit Axe
18:04 Castle Age
19:13 Bow Saw
18:46 Horse Collar
20:11 Wheelbarrow
21:30 Fletching
22:06 Bodkin Arrow
23:14 Elite Skirmisher
24:35 Padded Archer Armor
25:19 Ballistics
Pummeluff
4:56 Loom
5:15 Loom
16:04 Feudal Age
16:37 Double-Bit Axe
16:52 Fishing Lines
20:07 Fletching
23:58 Castle Age
23:00 Fishing Lines
23:47 Scale Mail Armor
25:19 Medium Warships
25:44 Squires
Connection lost

Rejoining the realm…

Still unreachable

The connection could not be restored.

Session expired

The server has moved on; the page needs a fresh start.